 Dungeon Crawl Stone Soup version 0.30.0-11-gf55b779eaf (webtiles) character file.

Game seed: 3404023034276359306

47 Edyrem the Chiller (level 3, -1/27 HPs)
             Began as a Merfolk Ice Elementalist on May 16, 2023.
             Slain by a gnoll
             ... wielding a +0 spear
              (6 damage)
             ... on level 2 of the Dungeon.
             The game lasted 00:03:41 (1481 turns).

Edyrem the Chiller (Merfolk Ice Elementalist)       Turns: 1481, Time: 00:03:42

Health: -1/27      AC:  3    Str: 10    XL:     3   Next: 70%
Magic:  6/6        EV: 13    Int: 14    God:
Gold:   75         SH:  0    Dex: 14    Spells: 5/6 levels left

rFire   . . .        s - +0 halberd
rCold   . . .        (shield currently unavailable)
rNeg    . . .        f - +0 robe
rPois   .            (no helmet)
rElec   .            (no cloak)
rCorr   .            k - +0 pair of gloves
SInv    .            (no boots)
Will    .....        m - amulet of faith
Stlth   ++           g - ring of flight
HPRegen 0.24/turn    (no ring)
MPRegen 0.10/turn

%: faith
@: flying
A: (nimble swimmer 2), mertail
a: no special abilities


You were on level 2 of the Dungeon.
You visited 1 branch of the dungeon, and saw 2 of its levels.

You collected 75 gold pieces.

Inventory:

Hand Weapons
 a - a +0 whip
 b - a +0 dagger
 s - a +0 halberd (weapon)
Armour
 f - a +0 robe (worn)
 k - a +0 pair of gloves (worn)
Jewellery
 g - a ring of flight (left hand)
 m - an amulet of faith (around neck)
Scrolls
 e - a scroll of enchant armour {unknown}
 h - a scroll of brand weapon {unknown}
 l - a scroll of amnesia {unknown}
 n - 2 scrolls of identify {unknown}
 p - a scroll of fog {unknown}
 r - a scroll of vulnerability {unknown}
Potions
 c - a potion of brilliance {unknown}
 d - a potion of mutation {unknown}
 i - a potion of magic
 j - 2 potions of attraction {unknown}
 o - a potion of haste {unknown}
 q - a potion of curing {unknown}


   Skills:
 + Level 1.9 Fighting
 + Level 2.2 Polearms
 - Level 3.6 Dodging
 - Level 2.1 Stealth
 + Level 2.0 Spellcasting
 - Level 4.3 Ice Magic


You had 5 spell levels left.
You knew the following spells:

 Your Spells              Type           Power      Damage    Failure   Level
a - Freeze                Ice            52%        1d6       4%          1

Your spell library contained the following spells:

 Spells                   Type           Power      Damage    Failure   Level
 Frozen Ramparts          Ice            26%        1d4       12%         3
 Ozocubu's Armour         Ice            13%        N/A       12%         3
 Sublimation of Blood     Necr           1%         N/A       34%         2
 Summon Ice Beast         Ice/Summ       7%         N/A       67%         4
 Petrify                  Tmut/Erth      1%         N/A       93%         4
 Metabolic Englaciation   Hex/Ice        3%         N/A       95%         5
 Irradiate                Conj/Tmut      0%         3d11      100%        5
 Simulacrum               Ice/Necr       3%         N/A       100%        6


Dungeon Overview and Level Annotations

Branches:
Dungeon (2/15)

Altars:


Innate Abilities, Weirdness & Mutations

((You are very nimble when in or above water. (Stealth+, EV+, Speed+++)))
Your lower body shifts to a powerful aquatic tail in water.


Message History

The gnoll closely misses you. The gnoll hits you with a +0 club.
Reach: s) +0 halberd
Press: ? - help, Dir - move target, f/p - gnoll
Aim: a gnoll, wielding a +0 spear (about 46% to evade your +0 halberd)
You reach to attack!
You closely miss the gnoll. The gnoll hits you but does no damage.
The gnoll hits you from afar with a +0 spear.
Reach: s) +0 halberd
Press: ? - help, Dir - move target, f/p - gnoll
Aim: a gnoll, wielding a +0 spear (about 46% to evade your +0 halberd)
The gnoll is in the way.
You slash the gnoll!
You kill the gnoll!
The gnoll hits you from afar with a +0 spear!
Reach: s) +0 halberd
Press: ? - help, Dir - move target, f/p - gnoll
Aim: a gnoll, wielding a +0 spear (about 46% to evade your +0 halberd)
You reach to attack!
You slash the gnoll!
The gnoll is almost dead.
The gnoll hits you with a +0 flail.
* * * LOW HITPOINT WARNING * * *
The gnoll completely misses you. x2
The gnoll hits you from afar with a +0 spear.
* * * LOW HITPOINT WARNING * * *
Aiming: Freeze (safe; 4% risk of failure)
Press: ? - help, Q - select action Shift-Dir - straight line, f - gnoll, p - gnoll
Aim: a gnoll, wielding a +0 flail You freeze the gnoll.
The gnoll is lightly wounded.
The gnoll closely misses you. x2
There is an open door here.
The gnoll attacks as you move away! The gnoll closely misses you.
There is an open door here.
Reach: s) +0 halberd
Press: ? - help, Dir - move target, f/p - gnoll
Aim: a gnoll, wielding a +0 flail (about 46% to evade your +0 halberd)
You hit the gnoll.
The gnoll is lightly wounded.
The gnoll closely misses you.
The gnoll hits you from afar with a +0 spear.
You die...

# #....# ##.## ##.##
##.##.##.#
#####....###### ###
###$..###
.............#
#.....#.
#######..###.+
+.....'. ##.....#
#.....#. #####.# ###
###...##. #.### ##.##
##.##.##..
#...###...###...###...
###[.@gg...'.....)..##
#.###...###...##.##
#.# ##.## ##.###.# #.#
#+# #+# #.# #.. ..#
### ###


You could see 2 gnolls.

Vanquished Creatures
  2 gnolls (D:2)
  A ball python (D:2)
  4 bats
  5 endoplasms
  2 giant cockroaches (D:1)
  A goblin (D:1)
  4 hobgoblins (D:1)
  3 kobolds
  A quokka (D:1)
  2 frilled lizards
  A rat (D:2)
26 creatures vanquished.

Notes
Turn   | Place    | Note
-------+----------+-------------------------------------------
     0 | D:1      | Edyrem the Merfolk Ice Elementalist began the quest for the
                  | Orb.
     0 | D:1      | Reached XP level 1. HP: 13/13 MP: 3/3
   177 | D:1      | Reached skill level 1 in Polearms
   177 | D:1      | Reached XP level 2. HP: 20/20 MP: 3/5
   356 | D:1      | Reached skill level 1 in Fighting
  1013 | D:2      | Reached XP level 3. HP: 18/26 MP: 3/6
  1481 | D:2      | Slain by a gnoll

Illustrated notes

Levels and vault maps discovered:
D:1:      saegor_arrival_simple_a, layout_basic
D:2:      layout_rooms, nicolae_hexahallways

Skill      XL: |  1  2  3 |
---------------+----------+-----
Dodging        | 3 |  3.6
Polearms       | 1 2 |  2.2
Fighting       | 1 |  1.9
Stealth        | |  2.1
Spellcasting   | |  2.0
Ice Magic      | |  4.3

Action                     || total
---------------------------++-------
  Melee: Unarmed           ||     4
         Whip              ||    45
         Halberd           ||     7
   Cast: Freeze            ||    26
   Stab: Sleeping          ||     4
 Armour: Robe              ||    13
  Dodge: Dodged            ||    57
